 Dungeon Crawl Stone Soup version 0.29.1-12-g30fa7ad0bf (webtiles) character file.

Game seed: 9569892432601488110

9 hawla the Firebug (level 2, -1/30 HPs)
             Began as a Meteoran Fire Elementalist on Jan 13, 2023.
             Slain by a jackal (2 damage)
             ... on level 2 of the Dungeon.
             The game lasted 00:01:10 (106 turns).

hawla the Firebug (Meteoran Fire Elementalist)       Turns: 106, Time: 00:01:11

Health: -1/30      AC: 21    Str:  9    XL:     2   Next: 35%
Magic:  6/7        EV:  2    Int: 16    God:
Gold:   12         SH:  0    Dex: 14    Spells: 6/7 levels left

rFire   . . .      SeeInvis .   (no weapon)
rCold   . . .      Faith    .   (no shield)
rNeg    . . .      Spirit   .   (body armour currently unavailable)
rPois   +          Reflect  .   (helmet currently unavailable)
rElec   .          Harm     .   (cloak currently unavailable)
rCorr   .          Rampage  .   (gloves currently unavailable)
Will    .....      NoTele   +   (boots currently unavailable)
Stlth   +.........              (no amulet)
HPRegen 0.10/turn               (no ring)
MPRegen 0.10/turn               (no ring)

@: tree-form, glowing
A: stationary, stasis, torment immunity, boosted hp, sense surroundings 1,
otherworldly, glowing, explore regen
a: no special abilities


You were on level 2 of the Dungeon.
You were a tree.
You visited 1 branch of the dungeon, and saw 3 of its levels.

You collected 12 gold pieces.

Inventory:

Armour
 a - a +0 robe (melded)
Scrolls
 d - a scroll of torment {unknown}
 e - a scroll of butterflies {unknown}


   Skills:
 + Level 2.8 Dodging
 - Level 1.4 Stealth
 + Level 3.0 Spellcasting
 + Level 1.3 Conjurations
 + Level 3.8 Fire Magic


You had 6 spell levels left.
You knew the following spells:

 Your Spells              Type           Power      Damage    Failure   Level
a - Foxfire               Conj/Fire      40%        2x1d6     6%          1

Your spell library contained the following spells:

 Spells                   Type           Power      Damage    Failure   Level
 Scorch                   Fire           28%        2d6       6%          2
 Conjure Flame            Conj/Fire      10%        6-21      19%         3
 Inner Flame              Hex/Fire       8%         N/A       26%         3
 Flame Wave               Conj/Fire      10%        2d6       54%         4


Dungeon Overview and Level Annotations

Branches:
Dungeon (3/15) Zot: 1692

Altars:


Innate Abilities, Weirdness & Mutations

You are a tree.
Your roots penetrate the ground, keeping you stationary.
You cannot be teleported.
You are immune to unholy pain and torment.
Your maximum health is greatly increased.
Your equipment is partially melded.
You passively map a small area around you.
You are easily found by Zot.
You glow in the dark.
You regain HP and MP as you explore.


Message History

You conjure some foxfire!
The jackal bites you but does no damage. x2
The rat bites you but does no damage.
The hobgoblin hits you but does no damage.
Casting: Foxfire (safe; 7% risk of failure)
Confirm with . or Enter, or press ? or * to list all spells.
You conjure some foxfire!
The foxfire hits the hobgoblin but does no damage.
The hobgoblin is severely wounded.
The foxfire hits the jackal.
The jackal is severely wounded.
The jackal bites you but does no damage. x2
The hobgoblin hits you but does no damage.
The rat bites you but does no damage.
The jackal bites you but does no damage. x2
Magic courses through your body.
The foxfire hits the jackal.
The jackal is almost dead.
The jackal bites you but does no damage. x2
The hobgoblin hits you but does no damage.
The rat barely misses you.
Casting: Foxfire (safe; 7% risk of failure)
Confirm with . or Enter, or press ? or * to list all spells.
You conjure some foxfire!
The jackal bites you but does no damage. x2
The rat bites you but does no damage. The hobgoblin hits you.
* * * LOW HITPOINT WARNING * * *
The jackal bites you but does no damage. x2
Your magical contamination has completely faded away.
You barely miss the jackal.
The foxfire hits the jackal.
You kill the jackal!
The foxfire hits the hobgoblin but does no damage.
The hobgoblin is severely wounded.
The jackal bites you.
* * * LOW HITPOINT WARNING * * *
The hobgoblin hits you but does no damage.
The rat bites you but does no damage.
Casting: Foxfire (safe; 6% risk of failure)
Confirm with . or Enter, or press ? or * to list all spells.
You conjure some foxfire!
The jackal bites you.
You die...

,
##################
, ,
.................#
,
################.#
, , ###### .,#.#
.....# #####.#.# ,
......
,......#.#,# . ,
.....#*
***#....#.#....
.....# , *
*##.v♣g...... *
.....#
......vrh..(...
######
######......... ,
.......... ####
##.#....... , ....
, .. ......., ,
###. .. .....#$ *
###,..##.#,* *


You could see a jackal, a hobgoblin and a rat (ally target).

Vanquished Creatures
  3 jackals (D:2)
  2 quokkas
  A bat (D:2)
  A kobold (D:1)
  A rat (D:1)
8 creatures vanquished.

Vanquished Creatures (others)
  22 foxfires
  4 fungi (D:2)
  3 plants (D:2)
29 creatures vanquished.

Grand Total: 37 creatures vanquished

Notes
Turn   | Place    | Note
-------+----------+-------------------------------------------
     0 | D:1      | hawla the Meteoran Fire Elementalist began the quest for
                  | the Orb.
     0 | D:1      | Reached XP level 1. HP: 14/14 MP: 5/5
    32 | D:3      | Noticed an orc wizard
    34 | D:3      | Noticed an orc priest
    58 | D:2      | Reached XP level 2. HP: 16/20 MP: 4/6
   105 | D:2      | HP: 1/30 [jackal (1)]
   106 | D:2      | Slain by a jackal

Illustrated notes

Levels and vault maps discovered:
D:1:      lemuel_arrival_hallway, layout_rooms
D:2:      layout_basic, dreamdust_ecumenical_altar_hidden_monk_grotto,
          uniq_crazy_yiuf_cottage
D:3:      layout_basic, yredelemnul_forgotten_temple_becter,
          nicolae_uskayaw_en_pointe

Skill      XL: |  1  2 |
---------------+-------+-----
Spellcasting   | 3 |  3.0
Dodging        | |  2.8
Stealth        | |  1.4
Conjurations   | |  1.3
Fire Magic     | |  3.8

Action                   || total
-------------------------++-------
Melee: Unarmed           ||     3
 Cast: Foxfire           ||    14
  Use: Potion            ||     2
Armor: Robe              ||     4
       Skin              ||    23
Dodge: Dodged            ||    13
